 Dungeon Crawl Stone Soup version bcrawl-1.39.1 (webtiles) character file.

Game seed: 10483509670082476384

14095064 kosoiffoigrumme1174 the Warrior (level 19, 0/124 HPs)
             Began as a Jungle Stalker Monk on Oct 5, 2023.
             Was the Champion of Okawaru.
             Slain by Returnofthet's ghost (14 damage)
             ... on level 1 of the Vaults on Oct 7, 2023.
             The game lasted 01:30:12 (28053 turns).

kosoiffoigrumme1174 the Warrior (VSMo)             Turns: 28053, Time: 01:30:13

Health: 0/124      AC: 31    Str: 13    XL:     19   Next: 82%
Magic:  0/40       EV: 24    Int: 17    God:    Okawaru [******]
Gold:   1503       SH: 19    Dex: 36    Spells: 18/18 levels left

rFire    + + +     GDR:     50% a - +7 Spriggan's Knife {stab, EV+4 Stlth+}
rCold    . . .     SeeInvis .   g - +4 medium shield
rNeg     . . .     Gourm    .   S - +13 chain mail "Wurufatex" {rF+ Dex+4 Slay+2}
rPois    +         Faith    .   T - +1 hat of Boredom {+Fly rF+ Slay+2 Stlth+}
rElec    +         Spirit   +   y - scarf of Optimism {+Inv, +Fly rElec Int+7}
rCorr    .         Reflect  .   Y - +0 pair of gloves
MR       +....                  V - +0 pair of boots
Stlth    ++++++++..             d - amulet of guardian spirit
HPRegen  1.50/turn              N - ring "Wuhapnovu" {+Fly rF+ Slay+2}
MPRegen  0.27/turn              W - ring of Nemeuc {rPois MP+9 Str-3 Dex+9 Stlth+}

@: heroism, finesse, flying
A: fangs 3, poison resistance, regeneration 3, acidic bite, no potion heal 3,
rot immunity, strong jaws
}: 2/15 runes: barnacled, gossamer
a: Heroism, Finesse, Renounce Religion, Evoke Invisibility, Stop Flying


You were on level 1 of the Vaults.
You worshipped Okawaru.
Okawaru was exalted by your worship.
You were not hungry.

You visited 7 branches of the dungeon, and saw 27 of its levels.
You also visited: Sewer, Bailey and Volcano.

You collected 3767 gold pieces.
You spent 2264 gold pieces at shops.

Inventory:

Hand Weapons
 a - the +7 Spriggan's Knife (weapon) {stab, EV+4 Stlth+}
   (You acquired it on level 6 of the Lair of Beasts)

   It affects your evasion (+4).
   It makes you more stealthy.
 b - the +9 long sword of Profit {holy, rPois Int+2}
   (Okawaru gifted it to you on level 2 of the Shoals)

   It has been blessed by the Shining One to cause great damage to the undead
   and demons.
   It affects your intelligence (+2).
   It protects you from poison.
 c - the +8 frozen axe "Frostbite" {freezing cloud, *Noise +Fly rC+}
   (You found it on level 3 of the Spider Nest)

   It has been specially enchanted to freeze those struck by it, increasing
   damage dealt by approximately one third against foes not resistant or
   susceptible to cold, and potentially slowing cold-blooded foes.
   It protects you from cold.
   It lets you fly.
   It may make noises in combat.
Missiles
 F - a throwing net {=f}
Armour
 g - a +4 medium shield (worn)
 y - the scarf of Optimism (worn) {+Inv, +Fly rElec Int+7}
   (You bought it in a shop in the Orcish Mines)

   It affects your intelligence (+7).
   It insulates you from electricity.
   It lets you fly.
 G - the scarf of Death Resistance {clouds, rPois}
   (Okawaru gifted it to you on level 1 of the Spider Nest)

   It protects you from poison.
 S - the +13 chain mail "Wurufatex" (worn) {rF+ Dex+4 Slay+2}
   (You found it in a bailey)

   It affects your dexterity (+4).
   It affects your accuracy and damage with ranged weapons and melee attacks
   (+2).
   It protects you from fire.
 T - the +1 hat of Boredom (worn) {+Fly rF+ Slay+2 Stlth+}
   (You found it on level 4 of the Lair of Beasts)

   It affects your accuracy and damage with ranged weapons and melee attacks
   (+2).
   It protects you from fire.
   It lets you fly.
   It makes you more stealthy.
 V - a +0 pair of boots (worn)
 Y - a +0 pair of gloves (worn)
Jewellery
 d - an amulet of guardian spirit (around neck)
 p - an uncursed ring of protection from cold
 r - an uncursed ring of resist corrosion
 E - an uncursed ring of protection from magic
 N - the ring "Wuhapnovu" (left hand) {+Fly rF+ Slay+2}
   (You found it on level 8 of the Dungeon)

   [ring of flight]

   It affects your accuracy and damage with ranged weapons and melee attacks
   (+2).
   It protects you from fire.
   It lets you fly.
 P - an uncursed ring of protection from magic
 W - the ring of Nemeuc (right hand) {rPois MP+9 Str-3 Dex+9 Stlth+}
   (You bought it in a shop on level 4 of the Dungeon)

   [ring of magical power]

   It affects your strength (-3).
   It affects your dexterity (+9).
   It protects you from poison.
   It affects your magic capacity (+9).
   It makes you more stealthy.
Wands
 i - a wand of charming (17)
 n - a wand of acid (19)
 z - a wand of scattershot (14)
 C - a wand of flame (119)
 J - a wand of paralysis (18)
 U - a wand of polymorph (30)
 Z - a wand of clouds (21)
Scrolls
 f - 3 scrolls of remove curse
 h - 7 scrolls of revelation
 l - 11 scrolls of teleportation
 q - 2 scrolls of blinking
 t - 6 scrolls of noise
 u - a scroll of fog
 v - a scroll of silence
 H - a scroll of vulnerability
 K - 4 scrolls of immolation
 M - 3 scrolls of fear
 R - 3 scrolls of summoning
 X - 4 scrolls of enchant weapon
Potions
 j - 6 potions of lignification
 k - 3 potions of cancellation
 m - 5 potions of agility
 o - 4 potions of curing
 s - 5 potions of flight
 w - 2 potions of might
 x - 5 potions of mutation
 A - 2 potions of magic
 B - 4 potions of ambrosia
 D - 6 potions of haste
 I - 7 potions of brilliance
 L - 7 potions of berserk rage
 Q - a potion of invisibility
Miscellaneous
 O - a sack of spiders
Comestibles
 e - 32 rations {!d}


   Skills:
 + Level 15.0(20.0) Fighting
 - Level 10.0(15.0) Short Blades
 - Level 2.6(7.6) Axes
 + Level 11.9(16.9) Armour
 + Level 10.1(15.1) Dodging
 + Level 12.2(17.2) Stealth
 + Level 10.1(15.1) Shields
 + Level 10.1(15.1) Unarmed Combat
 + Level 15.0 Invocations
 + Level 10.1 Evocations


You had 18 spell levels left.
You didn't know any spells.
Your spell library contained the following spells:

 Spells                   Type           Power        Failure   Level  Hunger
 Beastly Appendage        Tmut           #.....       100%        1    None
 Magic Dart               Conj           #...         100%        1    None
 Necrotize                Necr           #.....       100%        1    None
 Sting                    Conj/Pois      #...         100%        1    None
 Blink                    Tloc           N/A          100%        2    ####...
 Call Imp                 Summ           #.....       100%        2    ####...
 Passwall                 Tmut/Erth      #.......     100%        2    ####...
 Poisonous Vapours        Pois/Air       #.....       100%        2    ####...
 Sticks to Snakes         Tmut           #.......     100%        2    ####...
 Conjure Flame            Conj/Fire      #.......     100%        3    #####..
 Ignite Poison            Fire/Tmut/Pois #.......     100%        3    #####..
 Mephitic Cloud           Conj/Pois/Air  #.......     100%        3    #####..
 Recall                   Summ/Tloc      N/A          100%        3    #####..
 Spider Form              Tmut/Pois      #..          100%        3    #####..
 Vampiric Draining        Necr           #.........   100%        3    #####..
 Agony                    Necr           #.......     100%        4    ######.
 Animate Dead             Necr           N/A          100%        4    ######.
 Ice Form                 Ice/Tmut       #.......     100%        4    ######.
 Olgreb's Toxic Radiance  Pois           #........    100%        4    ######.
 Summon Scorpions         Summ/Pois      #.......     100%        4    ######.
 Blade Hands              Tmut           #.........   100%        5    #######
 Dispel Undead            Necr           #.......     100%        5    #######
 Freezing Cloud           Ice/Air        #.......     100%        5    #######
 Metabolic Englaciation   Hex/Ice        #.........   100%        5    #######
 Summon Demon             Summ           #.........   100%        5    #######
 Summon Forest            Summ/Tloc      #.........   100%        5    #######
 Summon Mana Viper        Hex/Summ       #.......     100%        5    #######
 Venom Bolt               Conj/Pois      #.........   100%        5    #######
 Aura of Abjuration       Summ           #.........   100%        6    #######
 Bolt of Cold             Conj/Ice       #.........   100%        6    #######
 Ozocubu's Refrigeration  Ice            #.........   100%        6    #######
 Simulacrum               Ice/Necr       #.......     100%        6    #######
 Shadow Creatures         Summ           N/A          100%        7    #######


Dungeon Overview and Level Annotations

Branches:
Dungeon (12/12)            Temple (1/1) D:6            Lair (6/6) D:9
 Shoals (3/3) Lair:2       Spider (3/3) Lair:4        Slime (0/5) Orc
    Orc (1/1) D:8          Vaults (1/3) D:12         Forest (0/3) Lair:5
 Depths (0/5) D:12
  Crypt: Vaults:1-2

Altars:
Ashenzari
Cheibriados
Dithmenos
Elyvilon
Fedhas
Gozag
Hepliaklqana
Kikubaaqudgha
Lugonu
Makhleb
Nemelex Xobeh
Okawaru
Qazlal
Ru
Sif Muna
Trog
Uskayaw
Vehumet
Wu Jian
Xom
Yredelemnul
Zin
The Shining One
Jiyva

Shops:
D:4 ?([!=   D:5 ?   D:6 ?   D:8 ?   D:11 [   D:12 *   Orc [:([[   Vaults:1 **(

Annotations:
Vaults:1 exclusion: obsidian statue, Returnofthet's ghost, adept HOAc


Innate Abilities, Weirdness & Mutations

You have razor-sharp teeth.
Your system is resistant to poisons. (rPois)
You regenerate.
You have acidic saliva.
Potions cannot restore your health.
You are immune to rotting.
Your bites deal extra damage.


Message History

You block the white imp's attack.
You puncture Returnofthet's ghost!
Returnofthet's ghost is moderately damaged.
You hit Returnofthet's ghost but do no damage.
Returnofthet's ghost is moderately damaged.
The crimson imp spits at you. The ice devil hits you.
* * * LOW HITPOINT WARNING * * *
The ice devil freezes you!!
* * * LOW HITPOINT WARNING * * *
The red devil is engulfed in freezing vapours.
You kill the red devil!
The white imp is engulfed in freezing vapours.
There is an open door here.
The obsidian statue is engulfed in freezing vapours.
Returnofthet's ghost is no longer covered in acid.
The shadow imp grins evilly.
Returnofthet's ghost wails.
Returnofthet's ghost hits you!
You die...

...#..#......5)[....#...# #...
...#..##########'####...# ####
...#.....#......5...#...#
...#.....#......5...#...#
...#.....#.(....4...#...#
...#.....#..........#...# ##
...#.....#......5...#...# ##.
.))#.....#......W...#...# #..
)..#.....#######@####...# #..
.))'....................# #..
...#....................# ##.
####......#######.......# ##
#......#.....#.......#
#......##...##.......#
#......##...##.......#
####......#.....+.......#########
..........##..)##................


You could see an ice devil, Returnofthet's ghost, a crimson imp, a white imp and
a shadow imp.

Vanquished Creatures
  A juggernaut (Vaults:1)
  Nikola (Shoals:1)
  Frances (Spider:2)
  Polyphemus (Shoals:2)
  Ilsuiw (Shoals:3)
  2 imperial myrmidons (Orc)
  A fire giant (Vaults:1)
  The ghost of SansUndertale the Covert, a journeyman NaSA of Cheibriados (Spider:2)
  A vault warden (Vaults:1)
  2 orc warlords (Orc)
  Aizul (Shoals:1)
  8 emperor scorpions
  2 very ugly things (Vaults:1)
  4 ironheart preservers (Vaults:1)
  The ghost of Riymurr the Phalangite, a journeyman MfMo of Hepliaklqana (Lair:5)
  4 dire elephants (Lair:6)
  2 halazid warlocks (Orc)
  2 spark wasps (Spider:2)
  A minotaur (Orc)
  The ghost of tronn the Thaumaturge, a journeyman DjCj of Okawaru (Orc)
  3 merfolk javelineers (Shoals:3)
  A deep elf death mage (Vaults:1)
  Urug (D:11)
  A fire dragon (D:12)
  A crystal guardian (Vaults:1)
  11 merfolk impalers
  5 vault guards
  8 hydras
  2 rakshasas (Vaults:1)
  Erica (D:8)
  2 shadow wraiths (Vaults:1)
  An ice dragon (D:12)
  An anaconda (Lair:6)
  5 merfolk avatars
  4 catoblepae
  12 two-headed ogres
  2 ogre magi (Vaults:1)
  An alligator snapping turtle (Shoals:3)
  9 merfolk aquamancers (Shoals:3)
  A tengu warrior (D:12)
  3 death yaks
  9 sea snakes
  6 satyrs
  An orc high priest (Orc)
  A deep elf knight (Vaults:1)
  A spectral dire elephant (Lair:6)
  2 spectral death yaks (Lair:6)
  Nergalle (Orc)
  13 centaur warriors
  A spectral anaconda (Lair:6)
  An unseen horror (D:10)
  2 wolf spider zombies
  A deep elf archer (Vaults:1)
  An obsidian statue (Lair:6)
  Pikel (D:6)
  2 lindwurms (Volcano)
  6 cyclopes
  6 orc knights (Orc)
  14 harpies
  4 wizards (Vaults:1)
  4 necromancers
  22 wolf spiders
  16 orb spiders
  13 ugly things
  7 ironheart convokers (Vaults:1)
  3 orc sorcerers (Orc)
  2 deep elf magi
  16 manticores
  12 fauns
  20 elephants
  2 moths of wrath (Spider:2)
  5 water nymphs
  8 merfolk sirens
  3 vault sentinels (Vaults:1)
  A dire elephant zombie (Lair:6)
  4 black mambas
  A guardian serpent (shapeshifter) (D:12)
  A cane toad (shapeshifter) (D:12)
  4 molten gargoyles (Volcano)
  3 torpor snails
  7 demonic crawlers
  15 cane toads
  2 efreet (Volcano)
  3 kobold demonologists
  A rime drake (Lair:6)
  A yaktaur (D:12)
  2 freezing wraiths (Vaults:1)
  32 jumping spiders
  5 komodo dragons
  An eye of draining (D:11)
  2 tengu conjurers
  19 merfolk
  Maurice (D:11)
  5 trolls
  6 wind drakes
  A queen bee (shapeshifter) (D:12)
  9 blink frogs (Lair:6)
  A polar bear (Lair:6)
  A hornet (Spider:2)
  3 harpy skeletons (D:12)
  6 saltlings (Orc)
  4 slime creatures
  20 hippogriffs
  10 snapping turtles
  5 dream sheep
  A meliai zombie (D:11)
  Sigmund (D:4)
  27 yaks
  A dire elephant simulacrum (Lair:6)
  12 water elementals
  19 tarantellas
  2 wyverns
  A tarantella (shapeshifter) (Vaults:1)
  2 wraiths (Vaults:1)
  5 fire elementals (Volcano)
  A golden eye (shapeshifter) (Vaults:1)
  Eustachio (D:5)
  8 basilisks
  A steam dragon (Lair:5)
  3 vampire mosquitoes (D:12)
  2 hungry ghosts
  35 redbacks
  A death yak simulacrum (Lair:6)
  3 spectral cane toads (Lair:6)
  8 water moccasins
  A crocodile (shapeshifter) (Vaults:1)
  7 crocodiles
  7 wargs
  4 acid dragons
  6 porcupines
  Purgy (Sewer)
  A hornet zombie (D:10)
  26 orc warriors
  2 ice beasts
  3 sky beasts
  7 elephant zombies (Lair:6)
  A phantom (D:9)
  A black bear (D:7)
  7 elephant skeletons (Lair:6)
  A necrophage (D:9)
  3 boggarts (Vaults:1)
  16 ogres
  Blork the orc (D:6)
  8 bullfrogs
  2 kobold brigands
  2 earth elementals (Volcano)
  2 cane toad simulacra (Lair:6)
  A centaur (D:6)
  8 scorpions
  3 elephant simulacra (Lair:6)
  4 killer bees (D:9)
  17 wights
  10 electric eels
  A howler monkey (D:5)
  9 orc priests
  6 crimson imps
  2 bullfrog zombies
  5 hounds
  16 jellies
  2 bullfrog skeletons
  Crazy Yiuf (D:3)
  Jessica (D:2)
  6 iguanas
  Natasha (thrice) (D:4)
  18 orc wizards
  13 worker ants
  A hound zombie (D:5)
  2 howler monkey zombies
  12 adders
  5 gnolls
  3 howler monkey skeletons
  2 river rats (D:4)
  4 shadow imps
  3 oozes
  2 adder zombies
  2 worms (D:3)
  5 leopard geckos
  61 orcs
  3 ball pythons
  6 giant cockroaches
  10 goblins
  13 hobgoblins
  21 jackals
  A quokka (D:5)
  6 bats
  7 frilled lizards
  A jackal skeleton (D:4)
  36 kobolds
  6 rats
  3 fire vortices (Volcano)
  A pillar of salt (Orc)
1080 creatures vanquished.

Vanquished Creatures (collateral kills)
  A slime creature (Vaults:1)
1 creature vanquished.

Vanquished Creatures (others)
  A ghost moth (Spider:3)
  3 emperor scorpions (Spider:3)
  2 wolf spiders (Spider:3)
  An orb spider (Spider:3)
  A moth of wrath (Spider:3)
  3 tarantellas (Spider:3)
  7 redbacks (Spider:3)
  An ogre (D:6)
  2 boggarts (Vaults:1)
  A kobold brigand (D:6)
  4 kobolds (D:6)
  A fungus (Lair:2)
  5 pillars of salt (Orc)
  42 plants
  5 withered plants (Lair:6)
79 creatures vanquished.

Grand Total: 1160 creatures vanquished

Notes
Turn   | Place    | Note
-------+----------+-------------------------------------------
     0 | D:1      | kosoiffoigrumme1174 the Vine Stalker Monk began the quest
                  | for the Orb.
     0 | D:1      | Reached XP level 1. HP: 13/13 MP: 3/3
   137 | D:1      | Reached XP level 2. HP: 18/18 MP: 4/4
   414 | D:1      | Reached XP level 3. HP: 19/22 MP: 5/5
  1101 | D:2      | Noticed Jessica
  1108 | D:2      | Killed Jessica
  1109 | D:2      | Reached XP level 4. HP: 27/27 MP: 6/6
  1228 | D:2      | Reached skill level 5 in Dodging
  1249 | D:2      | Found a shimmering altar of Xom.
  1558 | D:3      | Found a runed door.
  1595 | D:4      | Noticed Natasha
  1604 | D:4      | Killed Natasha
  1663 | D:4      | Reached XP level 5. HP: 30/31 MP: 5/7
  1699 | D:4      | Found Iteuheo's Antique Armour Shoppe.
  1735 | D:4      | Found a glowing drain.
  1770 | Sewer    | Entered a sewer
  1823 | Sewer    | Noticed Purgy
  1846 | Sewer    | Killed Purgy
  1847 | Sewer    | Reached skill level 5 in Stealth
  1847 | Sewer    | Gained mutation: You have razor-sharp teeth. [Vine Stalker
                  | growth]
  1847 | Sewer    | Reached XP level 6. HP: 7/36 MP: 2/8
  1999 | D:4      | Bought an ancient scale mail for 207 gold pieces
  2009 | D:4      | Identified the cursed +0 scale mail "Kadd" {Str+4 Dex+3
                  | Slay+2} (You bought it in a shop on level 4 of the Dungeon)
  2032 | D:4      | Found Votuos's Jewellery Emporium.
  2034 | D:4      | Found Gakud's Distillery.
  2048 | D:4      | Bought a potion of curing for 32 gold pieces
  2124 | D:4      | Found Qyvo's Weapon Boutique.
  2158 | D:4      | Noticed Sigmund
  2166 | D:4      | Killed Sigmund
  2190 | D:4      | Reached XP level 7. HP: 40/40 MP: 9/9
  2246 | D:4      | Noticed Natasha
  2257 | D:4      | Killed Natasha
  2328 | D:4      | Found Giol Aptio's Magic Scroll Shop.
  2344 | D:4      | Bought a scroll of teleportation for 33 gold pieces
  2344 | D:4      | Bought a scroll of identify for 22 gold pieces
  2344 | D:4      | Bought a scroll of identify for 22 gold pieces
  2452 | D:4      | Noticed Natasha
  2459 | D:4      | Killed Natasha
  2666 | D:3      | Found a faded altar of an unknown god.
  3572 | D:3      | Noticed Crazy Yiuf
  3576 | D:3      | Killed Crazy Yiuf
  3577 | D:3      | Reached skill level 1 in Unarmed Combat
  3665 | D:5      | Entered Level 5 of the Dungeon
  3665 | D:5      | Found Hinaraoph's Magic Scroll Emporium.
  3788 | D:5      | Gained mutation: You have acidic saliva. [Jungle Stalker
                  | growth]
  3788 | D:5      | Gained mutation: Your system is resistant to poisons.
                  | (rPois) [Jungle Stalker growth]
  3788 | D:5      | Reached XP level 8. HP: 40/48 MP: 8/10
  3823 | D:5      | Noticed Eustachio
  3827 | D:5      | Killed Eustachio
  3891 | D:5      | Reached skill level 10 in Stealth
  4761 | D:6      | Reached skill level 5 in Fighting
  4808 | D:6      | Found a hide-covered altar of Uskayaw.
  4867 | D:6      | HP: 1/49 [iguana (9)]
  4872 | D:6      | Noticed a troll
  4878 | D:6      | Found a radiant altar of Vehumet.
  4879 | D:6      | Noticed a yak
  4924 | D:6      | Killed a yak
  4925 | D:6      | Reached XP level 9. HP: 49/54 MP: 8/11
  4968 | D:6      | Reached skill level 5 in Unarmed Combat
  4992 | D:6      | Noticed Blork the orc
  5002 | D:6      | Killed Blork the orc
  5046 | D:6      | Found a staircase to the Ecumenical Temple.
  5075 | D:6      | Noticed Pikel
  5082 | D:6      | Found Cuplypne's Magic Scroll Boutique.
  5086 | D:6      | Killed Pikel
  5107 | Temple   | Entered the Ecumenical Temple
  5412 | D:6      | Killed a troll
  5413 | D:6      | Reached skill level 1 in Short Blades
  5451 | D:6      | Found a sparkling altar of Nemelex Xobeh.
  5838 | D:7      | Reached XP level 10. HP: 60/60 MP: 12/12
  6066 | D:7      | Found an iron altar of Okawaru.
  6077 | D:7      | Became a worshipper of Warmaster Okawaru
  6077 | D:7      | Reached * piety under Okawaru
  6077 | D:7      | Reached ** piety under Okawaru
  6189 | D:8      | Found a staircase to the Orcish Mines.
  6207 | D:8      | Got an ebony hunting sling
  6261 | D:8      | Noticed Erica
  6279 | D:8      | Killed Erica
  6280 | D:8      | Reached skill level 5 in Short Blades
  6354 | D:8      | Noticed a kobold demonologist
  6357 | D:8      | Noticed a sun demon
  6359 | D:8      | Noticed a sun demon
  6482 | D:9      | Reached *** piety under Okawaru
  6483 | D:9      | Found a staircase to the Lair.
  7034 | D:9      | Noticed a brown ugly thing
  7043 | D:9      | Killed a brown ugly thing
  7144 | D:9      | Reached XP level 11. HP: 64/64 MP: 13/13
  7167 | D:9      | Reached **** piety under Okawaru
  7282 | D:9      | Found a burning altar of Makhleb.
  7763 | D:8      | Found Kusauwyrgh's Magic Scroll Shoppe.
  7793 | D:8      | Found a blossoming altar of Fedhas.
  7843 | D:8      | Got a shimmering granite ring
  7902 | D:8      | Identified the +4 plate armour "Weshaih" {-Cast rElec rPois
                  | MR++}
  7920 | D:8      | Identified the ring "Wuhapnovu" {+Fly rF+ Slay+2} (You
                  | found it on level 8 of the Dungeon)
  7943 | D:8      | Identified the +2 hunting sling of the Establishment
                  | {flame, MR+ Dex+6} (You found it on level 8 of the Dungeon)
  8655 | D:10     | Entered Level 10 of the Dungeon
  8678 | D:10     | Killed an unseen horror
  8736 | D:10     | Found a flagged portal.
  8842 | D:10     | Noticed a cyclops
  8849 | D:10     | Killed a cyclops
  8864 | Bailey   | Entered a bailey
  9106 | Bailey   | Got a bronze chain mail
  9127 | Bailey   | Identified the +13 chain mail "Wurufatex" {rF+ Dex+4
                  | Slay+2} (You found it in a bailey)
  9800 | D:11     | Reached ***** piety under Okawaru
  9800 | D:11     | Noticed a manticore
  9817 | D:10     | Killed a manticore
 10088 | D:11     | Noticed a centaur warrior
 10089 | D:11     | Noticed a cyan ugly thing
 10160 | D:10     | Killed a cyan ugly thing
 10218 | D:11     | Killed a centaur warrior
 10404 | D:4      | Bought the ring of Nemeuc {rPois MP+9 Str-3 Dex+9 Stlth+}
                  | for 674 gold pieces
 10677 | D:11     | Got a bloodstained arbalest
 10714 | D:11     | Noticed a centaur warrior
 10722 | D:11     | Gained mutation: You heal very quickly. [Jungle Stalker
                  | growth]
 10722 | D:11     | Reached XP level 12. HP: 70/70 MP: 8/14
 10725 | D:11     | Killed a centaur warrior
 10787 | D:11     | Noticed a centaur warrior
 10800 | D:11     | Killed a centaur warrior
 10844 | D:11     | Found Vudda's Antique Armour Boutique.
 10880 | D:11     | Noticed a two-headed ogre
 10881 | D:11     | Noticed Maurice
 10889 | D:12     | Entered Level 12 of the Dungeon
 10894 | D:12     | Killed a two-headed ogre
 10895 | D:12     | Reached skill level 10 in Short Blades
 10895 | D:12     | Reached skill level 10 in Dodging
 10916 | D:12     | Found Hefim's General Store.
 10921 | D:12     | Noticed a tengu warrior
 10927 | D:12     | Killed a tengu warrior
 10936 | D:12     | Reached skill level 10 in Unarmed Combat
 10941 | D:12     | Identified the cursed +0 arbalest "Goon" {speed, +Fly rF+
                  | Dex-5} (You found it on level 11 of the Dungeon)
 10990 | D:11     | Received a gift from Okawaru
 11026 | D:11     | Killed Maurice
 11122 | D:11     | Noticed a centaur warrior
 11131 | D:11     | Killed a centaur warrior
 11132 | D:11     | Reached skill level 5 in Invocations
 11246 | D:11     | Noticed a two-headed ogre
 11246 | D:11     | Noticed a centaur warrior
 11249 | D:11     | Killed a two-headed ogre
 11265 | D:11     | Killed a centaur warrior
 11387 | D:11     | Noticed Urug
 11402 | D:11     | Killed Urug
 11543 | D:12     | Noticed a two-headed ogre
 11549 | D:12     | Killed a two-headed ogre
 11585 | D:12     | Noticed a fire dragon
 11587 | D:12     | Noticed an ice dragon
 11596 | D:12     | Killed a fire dragon
 11603 | D:12     | Killed an ice dragon
 11604 | D:12     | Reached XP level 13. HP: 57/74 MP: 19/20
 11625 | D:12     | Found a staircase to the Depths.
 11823 | D:12     | Received a gift from Okawaru
 11927 | D:12     | Reached skill level 10 in Invocations
 11983 | D:12     | Found a gate to the Vaults.
 11983 | D:12     | Noticed a vault guard
 11983 | D:12     | Noticed a vault guard
 11983 | D:12     | Noticed a vault guard
 11983 | D:12     | Noticed a vault guard
 11998 | D:12     | Killed a vault guard
 12003 | D:12     | Killed a vault guard
 12011 | D:12     | Killed a vault guard
 12011 | D:12     | Received a gift from Okawaru
 12017 | D:12     | Killed a vault guard
 12650 | D:12     | Identified a scroll of acquirement
 12751 | Lair:1   | Entered Level 1 of the Lair of Beasts
 12933 | Lair:1   | Got a heavily runed leather armour
 12944 | Lair:1   | Identified the +6 leather armour "Rifechao" {*Corrode rElec
                  | rF+ Stlth+} (You found it on level 1 of the Lair of Beasts)
 13202 | Lair:1   | Reached skill level 1 in Evocations
 13677 | Lair:2   | Reached skill level 1 in Shields
 13700 | Lair:2   | HP: 1/76 [wyvern (8)]
 14299 | Lair:3   | Found a white marble altar of Elyvilon.
 14316 | Lair:3   | Reached XP level 14. HP: 82/82 MP: 24/24
 14567 | Lair:4   | Reached ****** piety under Okawaru
 14650 | Lair:4   | Got a transparent hat
 14683 | Lair:4   | Identified the +1 hat of Boredom {+Fly rF+ Slay+2 Stlth+}
                  | (You found it on level 4 of the Lair of Beasts)
 14693 | Lair:4   | Found a hole to the Spider Nest.
 14785 | Lair:4   | Received a gift from Okawaru
 15441 | Lair:5   | Found a staircase to the Spriggan Forest.
 15507 | Lair:5   | Found a runed translucent gate.
 15507 | Lair:5   | Found a runed translucent gate.
 15507 | Lair:5   | Found a runed translucent gate.
 15616 | Lair:5   | Noticed Riymurr's ghost (journeyman MfMo)
 16010 | Lair:5   | Killed Riymurr's ghost
 16019 | Lair:5   | Got a twisted fustibalus
 16020 | Lair:5   | Identified the +4 fustibalus "Spiderslayer" {flame, *Slow
                  | rElec Int+8} (You found it on level 5 of the Lair of
                  | Beasts)
 16063 | Lair:6   | Entered Level 6 of the Lair of Beasts
 16079 | Lair:6   | Reached skill level 5 in Evocations
 16094 | Lair:6   | Reached skill level 5 in Shields
 16124 | Lair:6   | Reached skill level 10 in Fighting
 16269 | Lair:6   | Received a gift from Okawaru
 16276 | Lair:6   | Reached XP level 15. HP: 92/92 MP: 25/25
 16593 | Lair:6   | Identified the ring of the Two Names {rElec Str+3} (You
                  | acquired it on level 6 of the Lair of Beasts)
 16594 | Lair:6   | Found the +7 Spriggan's Knife {stab, EV+4 Stlth+}
 16906 | Lair:6   | Received a gift from Okawaru
 16979 | Lair:6   | Got a translucent hand axe
 16980 | Lair:6   | Identified the +8 hand axe of Desertification {chop,
                  | *Corrode rN+ Str+6} (You found it on level 6 of the Lair of
                  | Beasts)
 17198 | Lair:6   | Got a crude amber ring
 17200 | Lair:6   | Identified the ring of Vorr {rF+ Stlth--} (You found it on
                  | level 6 of the Lair of Beasts)
 17528 | Orc      | Entered the Orcish Mines
 17628 | Orc      | Noticed an imperial myrmidon
 17643 | Orc      | Killed an imperial myrmidon
 17693 | Orc      | Noticed an imperial myrmidon
 17711 | Orc      | Killed an imperial myrmidon
 17791 | Orc      | Found Hiug's Antique Weapon Shoppe.
 17810 | Orc      | Noticed an orc warlord
 17813 | Orc      | Found Raqaxidd's Armour Shoppe.
 17829 | Orc      | Killed an orc warlord
 17836 | Orc      | Found a roughly hewn altar of Beogh.
 17881 | Orc      | Found Toth's Antique Armour Shoppe.
 17956 | Orc      | Found Joor Coe's Antique Armour Emporium.
 17990 | Orc      | Found a dark tunnel.
 17996 | Volcano  | Entered a volcano
 18006 | Volcano  | Gained mutation: You regenerate. [Jungle Stalker growth]
 18006 | Volcano  | Reached XP level 16. HP: 103/103 MP: 26/26
 18257 | Orc      | Found a burning altar of Makhleb.
 18299 | Orc      | Found a staircase to the Slime Pits.
 18301 | Orc      | Found a viscous altar of Jiyva.
 18345 | Orc      | Noticed Nergalle
 18369 | Orc      | Killed Nergalle
 18568 | Orc      | Found a runed translucent gate.
 18569 | Orc      | Found a runed translucent gate.
 18569 | Orc      | Found a runed translucent gate.
 18576 | Orc      | Noticed tronn's ghost (journeyman DjCj)
 18765 | Orc      | Bought a shimmering scarf for 280 gold pieces
 18765 | Orc      | Bought a pair of scorched gloves for 266 gold pieces
 18775 | Orc      | Identified the cursed -1 pair of gloves of Tomorrow {Str+3}
                  | (You bought it in a shop in the Orcish Mines)
 18785 | Orc      | Identified the scarf of Optimism {+Inv, +Fly rElec Int+7}
                  | (You bought it in a shop in the Orcish Mines)
 18961 | Orc      | Found Gupoinoch's Book Shop.
 19022 | Orc      | Killed tronn's ghost
 19227 | Spider:1 | Entered Level 1 of the Spider Nest
 19252 | Spider:1 | Reached skill level 1 in Armour
 19473 | Spider:1 | Received a gift from Okawaru
 19474 | Spider:1 | Got an encrusted scarf {god gift}
 19506 | Spider:1 | Identified the scarf of Death Resistance {clouds, rPois}
                  | (Okawaru gifted it to you on level 1 of the Spider Nest)
 20112 | Spider:2 | Reached skill level 5 in Armour
 20349 | Spider:2 | Noticed Frances
 20381 | Spider:2 | Killed Frances
 20982 | Spider:2 | Found a transporter.
 20982 | Spider:2 | Noticed SansUndertale's ghost (journeyman NaSA)
 21081 | Spider:2 | Found a transporter.
 21106 | Spider:2 | Reached XP level 17. HP: 87/108 MP: 23/27
 21141 | Spider:2 | Killed SansUndertale's ghost
 21179 | Spider:2 | Got a pair of smoking gloves
 21190 | Spider:2 | Identified the cursed +0 pair of gloves of Woibeiho {*Slow
                  | rPois Int+9 Slay-3} (You found it on level 2 of the Spider
                  | Nest)
 21272 | Spider:3 | Entered Level 3 of the Spider Nest
 21404 | Spider:3 | Received a gift from Okawaru
 21434 | Spider:3 | Got an ancient dagger {god gift}
 21435 | Spider:3 | Identified the +1 dagger of Harmony {pierce, Str+5}
                  | (Okawaru gifted it to you on level 3 of the Spider Nest)
 21477 | Spider:3 | Found the +8 frozen axe "Frostbite" {freezing cloud, *Noise
                  | +Fly rC+}
 21594 | Spider:3 | Reached skill level 10 in Armour
 22260 | Spider:3 | Got a gossamer rune of Zot
 22669 | Shoals:1 | Entered Level 1 of the Shoals
 22730 | Shoals:1 | Received a gift from Okawaru
 23200 | Shoals:1 | Noticed Aizul
 23219 | Shoals:1 | Killed Aizul
 23268 | Shoals:1 | Reached XP level 18. HP: 113/114 MP: 28/28
 23588 | Shoals:1 | Noticed Nikola
 23604 | Shoals:1 | Killed Nikola
 23994 | Shoals:2 | Noticed Polyphemus
 24017 | Shoals:2 | Killed Polyphemus
 24085 | Shoals:2 | Identified the +9 long sword of Profit {holy, rPois Int+2}
                  | (Okawaru gifted it to you on level 2 of the Shoals)
 24085 | Shoals:2 | Received a gift from Okawaru
 24086 | Shoals:2 | Reached skill level 10 in Evocations
 24113 | Shoals:2 | Reached skill level 10 in Shields
 24684 | Shoals:3 | Entered Level 3 of the Shoals
 25027 | Shoals:3 | Received a gift from Okawaru
 25195 | Shoals:3 | Identified the +1 robe of the Five of Swords {rC+ Dex+4}
 25364 | Shoals:3 | Got a barnacled rune of Zot
 25502 | Shoals:3 | Noticed Ilsuiw
 25569 | Shoals:3 | Reached XP level 19. HP: 119/121 MP: 30/30
 25575 | Shoals:3 | Killed Ilsuiw
 26409 | D:8      | Bought a scroll of acquirement for 728 gold pieces
 26447 | D:8      | Identified the scarf "Yxkag" {rC+ rF+, rPois Int+2} (You
                  | acquired it on level 8 of the Dungeon)
 26627 | Vaults:1 | Entered Level 1 of the Vaults
 26673 | Vaults:1 | Found a runed translucent gate.
 26674 | Vaults:1 | Found a runed translucent gate.
 26675 | Vaults:1 | Found a runed translucent gate.
 26676 | Vaults:1 | Found an opulent altar of Gozag.
 26677 | Vaults:1 | Noticed Returnofthet's ghost (adept HOAc)
 26677 | Vaults:1 | Noticed a juggernaut
 26678 | Vaults:1 | Found Fosyl's Assorted Antiques.
 26681 | Vaults:1 | Found Ifavotist's Assorted Antiques.
 27254 | Vaults:1 | Received a gift from Okawaru
 27335 | Vaults:1 | Reached skill level 15 in Fighting
 27530 | Vaults:1 | Found Witar's Antique Weapon Shop.
 27851 | Vaults:1 | Paralysed by a wizard for 4 turns
 28017 | Vaults:1 | Identified the +1 helmet "Qyckuiz" {MR++} (Okawaru gifted
                  | it to you on level 1 of the Vaults)
 28017 | Vaults:1 | Received a gift from Okawaru
 28018 | Vaults:1 | Reached skill level 15 in Invocations
 28029 | Vaults:1 | Killed a juggernaut
 28045 | Vaults:1 | HP: 2/124 [ice devil[an obsidian statue] (13)]
 28053 | Vaults:1 | Slain by Returnofthet's ghost

Skill      XL: |  1  2  3  4  5  6  7  8  9 10 11 12 13 14 15 16 17 18 19 |
---------------+----------------------------------------------------------+-----
Dodging        | 4 5 6 7 9 10 | 10.1
Stealth        | 4 5 8 9 10 12 | 12.2
Fighting       | 3 5 6 7 10 12 13 14 15 | 15.0
Unarmed Combat | 2 4 6 8 9 10 | 10.1
Short Blades   | 3 6 9 10 | 10.0
Invocations    | 8 12 13 15 | 15.0
Evocations     | 2 5 7 8 9 10 | 10.1
Shields        | 2 5 7 8 10 | 10.1
Armour         | 7 11 | 11.9
Axes           | |  2.6

Action                   |  1- 3 |  4- 6 |  7- 9 | 10-12 | 13-15 | 16-18 | 19-21 || total
-------------------------+-------+-------+-------+-------+-------+-------+-------++-------
Melee: Hand axe          |    23 |       |       |       |       |    86 |       ||   109
       Bite              |    10 |    13 |    36 |    68 |   187 |   300 |    91 ||   705
       Dagger            |    66 |    90 |   201 |   424 |   465 |       |       ||  1246
       Punch             |       |       |     2 |    33 |     7 |       |       ||    42
       Knife             |       |       |       |       |   344 |  1200 |   326 ||  1870
       Long sword        |       |       |       |       |       |       |    14 ||    14
 Fire: Hunting sling     |       |       |       |    70 |    21 |       |       ||    91
Throw: Tomahawk          |       |    13 |    23 |    79 |    12 |    67 |     7 ||   201
Invok: Heroism           |       |       |       |    18 |    17 |    21 |     3 ||    59
       Finesse           |       |       |       |     1 |     5 |    11 |     2 ||    19
 Abil: Evoke Flight      |       |       |       |     1 |       |       |       ||     1
       Evoke Invisibilit |       |       |       |       |       |       |     1 ||     1
Evoke: Wand              |       |       |       |       |     3 |     4 |     6 ||    13
       Sack of spiders   |       |       |       |       |       |       |     1 ||     1
  Use: Scroll            |       |     2 |     8 |     5 |    21 |     6 |     1 ||    43
       Potion            |       |       |       |       |       |     3 |     1 ||     4
 Stab: Sleeping          |     5 |     2 |    12 |    12 |    37 |    42 |    16 ||   126
       Distracted        |       |       |       |     1 |       |       |       ||     1
  Eat: Chunk             |     3 |     4 |    18 |    21 |    30 |    41 |    11 ||   128
       Ration            |       |     1 |       |     3 |     1 |     1 |     1 ||     7
Armor: Robe              |     7 |     8 |       |       |       |       |       ||    15
       Scale mail        |       |     2 |    57 |    66 |       |       |       ||   125
       Chain mail        |       |       |       |    87 |   268 |   401 |    83 ||   839
Dodge: Dodged            |    56 |   109 |   170 |   363 |   285 |   697 |   169 ||  1849
Block: Medium shield     |       |       |       |       |   311 |  1056 |   229 ||  1596
